 Dungeon Crawl Stone Soup version 0.31-a0-986-g5e6e4ef867 (webtiles) character file.

Game seed: 15482630643066630630

17455 avis the Spry (level 12, -3/65 HPs)
             Began as a Felid Shapeshifter on Nov 9, 2023.
             Was an Initiate of Gozag.
             Slain by a blink frog (16 damage)
             ... on level 1 of the Lair of Beasts on Nov 10, 2023.
             The game lasted 01:19:02 (13927 turns).

avis the Spry (Felid Shapeshifter)                 Turns: 13927, Time: 01:19:02

Health: -3/65      AC:  7    Str: 10    XL:     12   Next: 19%
Magic:  13/13      EV: 36    Int: 12    God:    Gozag
Gold:   30         SH:  0    Dex: 26    Spells: 11/11 levels left
                                        Lives:  0   Deaths: 4

rFire   . .          .
                       - Unarmed
rCold   + . .        (shield unavailable)
rNeg    + . .        (body armour unavailable)
rPois   .            (helmet unavailable)
rElec   +            (cloak unavailable)
rCorr   +            (gloves unavailable)
SInv    +            (boots unavailable)
Will    +....        (no amulet)
Stlth   +            h - +6 ring of dexterity
HPRegen 0.30/turn    j - ring of Guremuz {rElec rN+ rCorr AC+4}
MPRegen 0.13/turn

%: no passive effects
@: flux-form, glowing, studying Spellcasting, quick
A: glow, contaminating, very small, claws 1, fangs 3, see invisible, speed 1,
shaggy fur 3, stealthy paws, no weapons or thrown items, no armour, multi-lived
a: Begin Untransformation, Renounce Religion, Potion Petition, Call Merchant,
Bribe Branch


You were on level 1 of the Lair of Beasts.
You worshipped Gozag.
Gozag was noncommittal.
You were something dangerously unstable.
You visited 3 branches of the dungeon, and saw 14 of its levels.

You collected 1773 gold pieces.
You spent 1600 gold pieces at shops.
You paid 143 gold pieces to Gozag.

Inventory:

Jewellery
 h - a +6 ring of dexterity (left paw)
 j - the ring of Guremuz (right paw) {rElec rN+ rCorr AC+4}
   (You found it on level 3 of the Dungeon)

   [ring of protection]

   AC+4:      It affects your AC (+4).
   rElec:     It insulates you from electricity.
   rN+:       It protects you from negative energy.
   rCorr:     It protects you from acid and corrosion.
 s - a ring of flight
 t - a ring of poison resistance
 w - a +4 ring of protection
 z - a +6 ring of dexterity
Talismans
 b - a beast talisman
 f - a flux talisman (active)
Wands
 B - a wand of mindburst (8)
Scrolls
 c - a scroll of amnesia {unknown}
 d - a scroll of brand weapon {unknown}
 e - 4 scrolls of blinking
 g - 2 scrolls of enchant weapon {unknown}
 i - 4 scrolls of teleportation {unknown}
 k - 3 scrolls of enchant armour {unknown}
 l - 3 scrolls of fear
 m - a scroll of fog {unknown}
 n - 3 scrolls of noise {unknown}
 r - a scroll of vulnerability {unknown}
 y - a scroll of revelation {unknown}
 C - a scroll of acquirement {unknown}
 G - a scroll of immolation {unknown}
Potions
 a - 3 potions of brilliance
 o - a potion of invisibility
 p - a potion of curing
 q - a potion of lignification
 v - 3 potions of mutation
 A - a potion of cancellation
 D - 2 potions of heal wounds
 F - 2 potions of resistance


   Skills:
 - Level 15.0 Fighting
 - Level 16.0 Dodging
 + Level 5.3 Unarmed Combat
 * Level 0.0 Spellcasting
 - Level 11.0 Shapeshifting


You had 11 spell levels left.
You didn't know any spells.
Your spell library contained the following spells:

 Spells                   Type           Power      Damage    Failure   Level
 Foxfire                  Conj/Fire      0%         2x1d4     32%         1
 Scorch                   Fire           0%         2d5       45%         2
 Static Discharge         Conj/Air       0%         3-3/arc   45%         2
 Sublimation of Blood     Necr           0%         N/A       45%         2
 Airstrike                Air            0%         2d(0-16)  97%         4
 Flame Wave               Conj/Fire      0%         2d4       97%         4
 Petrify                  Tmut/Erth      0%         N/A       97%         4
 Summon Lightning Spire   Summ/Air       0%         N/A       97%         4
 Irradiate                Conj/Tmut      0%         3d11      100%        5
 Plasma Beam              Fire/Air       0%         2x1d10    100%        6
 Starburst                Conj/Fire      0%         6d3       100%        6
 Summon Cactus Giant      Summ           0%         N/A       100%        6
 Haunt                    Necr/Summ      0%         N/A       100%        7
 Borgnjor's Revivificati  Necr           0%         N/A       100%        8
 Death's Door             Necr           0%         N/A       100%        9


Dungeon Overview and Level Annotations

Branches:
Dungeon (11/15)            Temple (1/1) D:6            Lair (2/5) D:11
    Orc (0/2) D:9
  Swamp: Lair:2-3    Shoals: Lair:2-3     Snake: Lair:2-3    Spider: Lair:2-3

Altars:
Ashenzari
Cheibriados
Dithmenos
Elyvilon
Fedhas
Gozag
Hepliaklqana
Kikubaaqudgha
Makhleb
Nemelex Xobeh
Okawaru
Qazlal
Ru
Sif Muna
Trog
Uskayaw
Vehumet
Wu Jian
Xom
Yredelemnul
Zin
The Shining One

Shops:
D:2 !   D:10 :   D:11 [

Annotations:
D:4 Vampire
D:8 Jeremiah


Innate Abilities, Weirdness & Mutations

You are something dangerously unstable.
You glow with magical radiation, making you easy to see and hit.
Foes you strike become dangerously contaminated with magical radiation.
You have sharp claws.
You have razor-sharp teeth.
You have supernaturally acute eyesight. (SInv)
You cover ground quickly. (Speed+)
Your thick and shaggy fur keeps you warm. (AC +3, rC+)
Your paws help you pounce on unaware monsters.
You are incapable of wielding weapons or throwing items.
You cannot wear armour.
You gain extra lives every three experience levels.


Message History

The blink frog is lightly wounded.
The blink frog completely misses you. The seven-headed hydra bites you.
The seven-headed hydra misses you. The seven-headed hydra bites you!
The seven-headed hydra completely misses you.
The seven-headed hydra bites you but does no damage.
The seven-headed hydra bites you.
The seven-headed hydra bites you but does no damage.
The blink frog misses you.
You climb upwards.
There is a stone staircase leading down here.
You claw the seven-headed hydra!
The seven-headed hydra begins to glow.
The seven-headed hydra is lightly wounded.
The blink frog completely misses you.
The seven-headed hydra barely misses you.
The seven-headed hydra bites you.
The seven-headed hydra completely misses you. x2
The seven-headed hydra bites you but does no damage.
The seven-headed hydra misses you. x2
You scratch the seven-headed hydra.
The seven-headed hydra glows dangerously bright.
You bite the seven-headed hydra, but do no damage.
The seven-headed hydra is lightly wounded.
The blink frog barely misses you. The seven-headed hydra bites you!
The seven-headed hydra closely misses you.
The seven-headed hydra bites you!
* * * LOW HITPOINT WARNING * * *
The seven-headed hydra completely misses you.
The seven-headed hydra bites you.
* * * LOW HITPOINT WARNING * * *
The seven-headed hydra completely misses you.
The seven-headed hydra bites you.
* * * LOW HITPOINT WARNING * * *
As you read the scroll of fear, it crumbles to dust.
You assume a fearsome visage.
The seven-headed hydra looks frightened!
The blink frog resists with some effort.
The blink frog barely misses you. The blink frog hits you!
You die...
Your body crumbles into a pile of gold.

..........................## ##.
...............(..........# ###..
........................#.###..P.
....#....#.#.#..........#........
....#....#.#............#........
....#............................
....#.##..#.#...........##.....#.
P..#...###........#....#.#...####
.......###....D.pPP..........#
.......##...^....F...........#
##.....###...................#
#####..###.............###...# ##
#.................###....# .#
#............#.....##....# ##
#.####............#####P## ##
##.# ##..#####....P# ###
.###..#####..###.#....##


You could see a seven-headed hydra (fleeing, heavy contam) and a blink frog
(contam).

Vanquished Creatures
  Gastronok (D:10)
  2 two-headed ogres
  Sonja (Lair:1)
  5 skeletal warriors
  A cyclops (D:11)
  A gargoyle (D:11)
  A cane toad (Lair:1)
  A kobold demonologist (D:8)
  A komodo dragon (Lair:1)
  3 trolls
  13 blink frogs
  A water elemental (D:11)
  A spriggan (Lair:1)
  A shadow (D:9)
  A wyvern (D:10)
  3 vampire mosquitoes (D:11)
  11 yaks
  A steam dragon (D:7)
  6 water moccasins
  Duvessa (D:6)
  3 black bears
  4 orc warriors
  2 ogres (D:5)
  5 wolves
  A phantom (D:6)
  4 kobold brigands
  A gnoll sergeant (D:10)
  5 bullfrogs
  3 scorpions
  4 wights (D:5)
  Dowan (D:6)
  6 howler monkeys
  4 electric eels
  A jelly (D:3)
  8 orc priests
  6 hounds
  2 gnoll boudas
  2 sleepcaps
  Jessica (D:3)
  Terence (D:3)
  2 iguanas
  6 orc wizards
  31 gnolls
  10 adders
  A shadow imp (D:7)
  3 white imps
  A worm (D:4)
  A dart slug (D:2)
  32 orcs
  6 ball pythons
  2 bats
  8 endoplasms
  5 giant cockroaches
  9 goblins
  6 hobgoblins
  2 jackals (D:1)
  27 kobolds
  5 quokkas
  A frilled lizard (D:1)
278 creatures vanquished.

Notes
Turn   | Place    | Note
-------+----------+-------------------------------------------
     0 | D:1      | avis the Felid Shapeshifter began the quest for the Orb.
     0 | D:1      | Reached XP level 1. HP: 9/9 MP: 2/2
    61 | D:1      | Reached skill level 3 in Dodging
   193 | D:1      | Reached XP level 2. HP: 12/12 MP: 3/3
   414 | D:1      | Found a faded altar of an unknown god.
   592 | D:1      | Reached XP level 3. HP: 15/16 MP: 4/4
   799 | D:2      | Reached skill level 4 in Dodging
   941 | D:2      | Found Gucexi's Distillery.
  1590 | D:3      | Found a glowing silver altar of Zin.
  1597 | D:3      | Identified the ring of Guremuz {rElec rN+ rCorr AC+4}
  1659 | D:2      | Reached XP level 4. HP: 14/21 MP: 5/5
  1857 | D:3      | Found a blossoming altar of Fedhas.
  2009 | D:3      | Reached skill level 5 in Dodging
  2013 | D:3      | Reached XP level 5. HP: 3/24 MP: 6/6
  2028 | D:3      | Reached skill level 6 in Dodging
  2346 | D:3      | Noticed Jessica
  2354 | D:3      | Killed Jessica
  2511 | D:3      | Noticed Terence
  2532 | D:3      | Killed Terence
  2558 | D:3      | Gained mutation: You are covered in thick fur. (AC +2)
                  | [Felid growth]
  2558 | D:3      | Reached XP level 6. HP: 24/28 MP: 7/7
  3321 | D:4      | Found an iron altar of Okawaru.
  3393 | D:4      | Reached skill level 5 in Shapeshifting
  3393 | D:4      | Reached XP level 7. HP: 32/32 MP: 8/8
  3757 | D:3      | Reached skill level 7 in Dodging
  4004 | D:4      | Found an ancient bone altar of Kikubaaqudgha.
  4061 | D:4      | Found a sparkling altar of Nemelex Xobeh.
  4115 | D:5      | Entered Level 5 of the Dungeon
  4129 | D:5      | Noticed a vampire
  4132 | D:5      | Reached skill level 8 in Dodging
  4147 | D:5      | Reached skill level 5 in Fighting
  4162 | D:5      | Reached XP level 8. HP: 21/37 MP: 9/9
  4172 | D:5      | Reached skill level 5 in Unarmed Combat
  4176 | D:5      | Slain by a vampire
  4382 | D:5      | Found a shimmering blue altar of Sif Muna.
  4426 | D:5      | Reached skill level 9 in Dodging
  4671 | D:5      | Identified the +4 flail "Bieq" {spect, rElec Str+7 Stlth-}
  4715 | D:4      | Slain by a +4 flail "Bieq" {spect, rElec Str+7 Stlth-}
  4836 | D:5      | Found a burning altar of Makhleb.
  5255 | D:6      | Found a staircase to the Ecumenical Temple.
  5261 | Temple   | Entered the Ecumenical Temple
  5478 | D:6      | Reached skill level 10 in Dodging
  5564 | D:6      | Found a faded altar of an unknown god.
  5564 | D:6      | Found a stormy altar of Qazlal.
  5570 | D:6      | Found a glowing golden altar of the Shining One.
  5572 | D:6      | Found a faded altar of an unknown god.
  5574 | D:6      | Found a white marble altar of Elyvilon.
  5635 | D:6      | Noticed Duvessa
  5635 | D:6      | Noticed Dowan
  5932 | D:6      | Reached XP level 9. HP: 32/40 MP: 10/10
  6261 | D:6      | Killed Duvessa
  6267 | D:6      | Killed Dowan
  6283 | D:7      | Found an opulent altar of Gozag.
  6289 | D:7      | Became a worshipper of Gozag Ym Sagoz the Greedy
  6350 | D:7      | Found a bloodstained altar of Trog.
  6393 | D:7      | Reached skill level 11 in Dodging
  6570 | D:7      | Found a broken altar of Ashenzari.
  6762 | D:8      | Noticed a kobold demonologist
  6783 | D:8      | Killed a kobold demonologist
  6784 | D:8      | Reached skill level 12 in Dodging
  6822 | D:8      | Noticed Jeremiah
  7669 | D:9      | Reached skill level 13 in Dodging
  7772 | D:9      | Found a staircase to the Orcish Mines.
  7952 | D:9      | Noticed a troll
  7958 | D:9      | Killed a troll
  7959 | D:9      | Reached XP level 10. HP: 44/44 MP: 11/11
  7992 | D:9      | Reached skill level 14 in Dodging
  8545 | D:10     | Entered Level 10 of the Dungeon
  8669 | D:10     | Reached skill level 10 in Shapeshifting
  8818 | D:10     | Noticed Gastronok
  8851 | D:10     | Killed Gastronok
  8852 | D:10     | Reached skill level 15 in Dodging
  9026 | D:10     | Reached skill level 16 in Dodging
  9166 | D:10     | Found Yfecviom's Self-Improvement Boutique.
  9586 | D:10     | Noticed a two-headed ogre
  9596 | D:10     | Killed a two-headed ogre
  9597 | D:10     | Reached XP level 11. HP: 45/47 MP: 12/12
  9605 | D:10     | Found a radiant altar of Vehumet.
  9644 | D:11     | Found Efigg's Armour Emporium.
  9732 | D:11     | Noticed a skeletal warrior
  9732 | D:11     | Noticed a skeletal warrior
  9732 | D:11     | Noticed a skeletal warrior
  9732 | D:11     | Noticed a skeletal warrior
  9732 | D:11     | Noticed a skeletal warrior
  9801 | D:10     | Slain by a skeletal warrior
  9814 | D:10     | Killed a skeletal warrior
  9910 | D:11     | Slain by a skeletal warrior
 10044 | D:10     | Bought a manual of Fighting for 800 gold pieces
 10218 | D:9      | Killed a skeletal warrior
 10355 | D:10     | Killed a skeletal warrior
 10601 | D:10     | HP: 1/51 [skeletal warrior/+0 short sword (6)]
 10804 | D:10     | Killed a skeletal warrior
 10951 | D:11     | Found a staircase to the Lair.
 11279 | D:10     | Killed a skeletal warrior
 11280 | D:10     | Reached skill level 10 in Fighting
 11617 | D:11     | Identified the +7 falchion of the Extremes {heavy, rF+
                  | Str+3 Dex+4}
 11819 | D:11     | Noticed a two-headed ogre
 12295 | D:11     | Killed a two-headed ogre
 12374 | Lair:1   | Entered Level 1 of the Lair of Beasts
 12748 | Lair:1   | Gained mutation: Your thick and shaggy fur keeps you warm.
                  | (AC +3, rC+) [Felid growth]
 12748 | Lair:1   | Reached XP level 12. HP: 58/64 MP: 13/13
 13068 | Lair:1   | Noticed Sonja
 13113 | Lair:1   | Killed Sonja
 13690 | Lair:1   | Reached skill level 15 in Fighting
 13849 | D:10     | Bought a manual of Spellcasting for 800 gold pieces
 13917 | Lair:2   | Noticed a seven-headed hydra
 13927 | Lair:1   | Slain by a blink frog

Illustrated notes

Levels and vault maps discovered:
D:1:      eino_arrival_water_star, layout_basic,
          dilly_ecumenical_altar_fadedgnrine
D:2:      layout_basic, serial_shops, shop_fountains,
          hangedman_decor_peaks_small
D:3:      layout_basic, overflow_temple_1_default,
          nicolae_overflow_crystal_walls, uniq_jessica, uniq_terence
D:4:      layout_cave_pools, nemelex_diamond_rough_becter, lemuel_crystal_altar,
          mainiacjoe_overflow_alcove_2
D:5:      layout_loops_ring, bloody_makhleb, mainiacjoe_overflow_chevrons,
          amcnicky_mini_pool_medium
D:6:      layout_loops_corners, chequers_temple_overflow_minitemple,
          minmay_temple_entry_tees, uniq_duvessa
D:7:      layout_rooms, grunt_gozag_statues, old_standard_altar,
          ashenzari_altar_1, hellmonk_no_cap
D:8:      layout_loops_ring, kennysheep_small_spiral, dk_rats_in_the_wall,
          uniq_jeremiah
D:9:      layout_loops_ring, minmay_orc_entry_temple_small
D:10:     layout_basic, mainiacjoe_overflow_catwalk, nicolae_shop_self_help,
          uniq_gastronok
D:11:     layout_long_grid, erik_lair_island, serial_shops,
          nicolae_shop_peninsula
Temple:   nicolae_temple_colour_theory
Lair:1:   layout_gridlike, wad_woods_03, serial_bayou_shore_b, uniq_sonja
Lair:2:   layout_cave_pods, shoals_dummy_entry, grunt_megastairs_2

Skill      XL: |  1  2  3  4  5  6  7  8  9 10 11 12 |
---------------+-------------------------------------+-----
Dodging        | 3 4 5 6 8 10 13 16 | 16.0
Fighting       | 2 3 4 5 14 15 | 15.0
Unarmed Combat | 4 5 |  5.3
Shapeshifting  | 5 7 9 10 11 | 11.0

Action                     |  1- 3 |  4- 6 |  7- 9 | 10-12 || total
---------------------------+-------+-------+-------+-------++-------
  Melee: Unarmed           |   104 |   141 |   405 |   572 ||  1222
         Bite              |    13 |    21 |    62 |    95 ||   191
         Punch             |       |     2 |     6 |       ||     8
  Evoke: Wand              |       |     1 |     4 |     6 ||    11
    Use: Potion            |       |     1 |       |     6 ||     7
         Scroll            |       |       |     7 |     5 ||    12
   Stab: Sleeping          |     2 |     7 |       |       ||     9
         Paralysed         |       |     3 |     2 |       ||     5
         Distracted        |       |     1 |     2 |     2 ||     5
 Armour: Skin              |    13 |    41 |    84 |   126 ||   264
  Dodge: Dodged            |    62 |    97 |   338 |   628 ||  1125
   Form: Flux              |       |       |     1 |       ||     1

Table legend: (Time is in decaauts)
 A = Elapsed time spent in this place.
 B = Non-inter-level travel time spent in this place.
 C = Inter-level travel time spent in this place.
 D = Time resting spent in this place.
 E = Time spent auto-exploring this place.
 F = Levels seen in this place.
 G = Mean time per level.
                   A        B        C        D        E       F      G
               +--------+--------+--------+--------+--------+-----+--------+
         Total |  12103 |  11231 |    872 |   2596 |   4812 |  14 |  864.5 |
       Dungeon |  10823 |  10009 |    814 |   2254 |   4338 |  11 |  983.9 |
        Temple |      1 |      1 |      0 |      0 |      0 |   1 |    1.0 |
          Lair |   1278 |   1221 |     57 |    341 |    474 |   2 |  639.0 |
               +--------+--------+--------+--------+--------+-----+--------+

Top non-repeatable levels by time:
    D:10: 1884 daAuts
     D:9: 1283 daAuts
  Lair:1: 1271 daAuts
     D:3: 1241 daAuts
    D:11: 1128 daAuts
     D:6: 946 daAuts
     D:2: 934 daAuts
     D:4: 790 daAuts
     D:8: 745 daAuts
     D:5: 745 daAuts
     D:1: 683 daAuts
     D:7: 439 daAuts
  Lair:2: 6 daAuts
  Temple: 1 daAuts
